 Dungeon Sprint DCSS version 0.30-a0-177-g1cb5dbfd7a (webtiles) character file.

Game seed: 1784885131044452562

2512 mhtbhm the Earth Mage (level 9, -1/51 HPs)
             Began as a Gargoyle Earth Elementalist on Oct 2, 2022.
             Was a Priest of Vehumet.
             Slain by a komodo dragon (26 damage)
             ... in the Dungeon (Sprint IX: "|||||||||||||||||||||||||||||").
             The game lasted 00:03:03 (1150 turns).

mhtbhm the Earth Mage (Gargoyle Earth Elementalist) Turns: 1150, Time: 00:03:05

Health: -1/51      AC:  9    Str: 15    XL:     9   Next: 53%
Magic:  17/25      EV: 13    Int: 23    God:    Vehumet [***...]
Gold:   12         SH:  0    Dex: 10    Spells: 19/32 levels left

rFire   . . .      SeeInvis .    k - +2 morningstar (protect)
rCold   . . .      Faith    .    (no shield)
rNeg    + . .      Spirit   .    a - +0 robe
rPois   ∞          Reflect  .    (no helmet)
rElec   +          Harm     .    l - +0 cloak
rCorr   .          Rampage  .    (no gloves)
Will    .....      NoTele   +    (no boots)
Stlth   ++........               (no amulet)
HPRegen 0.28/turn                m - +3 ring of strength
MPRegen 0.19/turn                n - +3 ring of intelligence

@: no status effects
A: sickness immunity, AC +6, negative energy resistance 1, electricity
resistance, torment resistance 1, petrification resistance
a: Renounce Religion


You were in the Dungeon.
You worshipped Vehumet.
Vehumet was most pleased with you.
You visited 1 branch You collected 12 gold pieces.

Inventory:

Hand Weapons
 k - a +2 morningstar of protection (weapon)
Armour
 a - a +0 robe (worn)
 e - a +0 troll leather armour
 l - a +0 cloak (worn)
Jewellery
 m - a +3 ring of strength (left hand)
 n - a +3 ring of intelligence (right hand)
Wands
 j - a wand of iceblast (9)
Scrolls
 h - 2 scrolls of amnesia
 i - a scroll of blinking
 q - a scroll of identify
 r - 2 scrolls of enchant weapon
 s - 2 scrolls of butterflies
 t - a scroll of fear
Potions
 b - 3 potions of magic
 c - 7 potions of curing
 d - a potion of invisibility
 f - a potion of berserk rage
 g - 5 potions of heal wounds
 o - a potion of mutation
Miscellaneous
 p - a piece from Xom's chessboard (15/15)


   Skills:
 + Level 3.4 Fighting
 + Level 5.5 Dodging
 + Level 4.4 Stealth
 + Level 12.1 Spellcasting
 + Level 6.1 Conjurations
 + Level 0.7 Transmutations
 + Level 16.8 Earth Magic
 + Level 0.5 Evocations


You had 19 spell levels left.
You knew the following spells:

 Your Spells              Type           Power      Damage    Failure   Level
a - Sandblast             Erth           100%       2d20      0%          1
b - Passwall              Tmut/Erth      44%        N/A       1%          2
c - Stone Arrow           Conj/Erth      100%       3d13      1%          3
d - Petrify               Tmut/Erth      53%        N/A       1%          4
e - Inner Flame           Hex/Fire       13%        N/A       4%          3

Your spell library contained the following spells:

 Spells                   Type           Power      Damage    Failure   Level
 Hailstorm                Conj/Ice       28%        3d8       1%          3


Dungeon Overview and Level Annotations

Branches:
Dungeon (1/1)

Altars:
Cheibriados
Dithmenos
Elyvilon
Fedhas
Gozag
Hepliaklqana
Kikubaaqudgha
Makhleb
Nemelex Xobeh
Okawaru
Qazlal
Ru
Sif Muna
Trog
Uskayaw
Vehumet
Wu Jian
Xom
Yredelemnul
Zin
The Shining One
Jiyva
Lugonu


Innate Abilities, Weirdness & Mutations

You are immune to sickness and miasma.
Your stone body is resilient. (AC +6)
You are immune to poison.
You resist negative energy. (rN+)
You are resistant to electric shocks. (rElec)
You are resistant to unholy torment.
You are immune to petrification.


Message History

You see here a piece from Xom's chessboard (15/15).
p - a piece from Xom's chessboard (15/15)
You now have 12 gold pieces.
q - a scroll of identify
r - 2 scrolls of enchant weapon
s - a scroll of butterflies
s - 2 scrolls of butterflies (gained 1)
t - a scroll of fear
Okay, then.
You open the door.
A komodo dragon, a wolf, a yak, 2 giant frogs and a hell rat come into view.
The cane toad croaks.
The hell rat roars deafeningly!
You hear an angry hiss.
The bullfrog gives a loud, deep croak!
The hell rat twitches its whiskers.
The wolf howls!
The yak bellows!
Unknown command.
Casting: Stone Arrow (safe; 1% risk of failure)
Confirm with . or Enter, or press ? or * to list all spells.
Okay, then.
Casting: Stone Arrow (safe; 1% risk of failure)
Confirm with . or Enter, or press ? or * to list all spells.
Okay, then.
Casting: Stone Arrow (safe; 1% risk of failure)
Confirm with . or Enter, or press ? or * to list all spells.
Aiming: Petrify (dangerous; 1% risk of failure)
Press: ? - help, Shift-Dir - straight line, f - komodo dragon
Aim: a komodo dragon (chance to affect: 56%)
The komodo dragon resists with significant effort.
You hear a loud, deep croak!
The komodo dragon bites you!!
Ouch! That really hurt!
Casting: Petrify (dangerous; 1% risk of failure)
Confirm with . or Enter, or press ? or * to list all spells.
Aiming: Petrify (dangerous; 1% risk of failure)
Press: ? - help, Shift-Dir - straight line, f/p - komodo dragon
Aim: a komodo dragon (chance to affect: 56%)
The komodo dragon is moving more slowly.
The komodo dragon bites you!!
Ouch! That really hurt!
You die...

▓▓▓▓▓▓▓▓▓▓▓▓▓▓▓▓▓▓▓▓▓▓▓▓▓▓▓▓▓▓▓▓▓
'.)...(.....'____________________
▓▓▓▓▓▓▓▓▓▓▓▓▓▓▓▓▓▓▓▓▓▓▓▓▓▓▓▓▓▓▓▓▓
.................................
▓▓▓▓▓▓▓▓▓▓▓▓▓▓▓▓▓▓▓▓▓▓▓▓▓▓▓▓▓▓▓▓▓
...'.....(......@lFhYFr.
▓▓▓▓▓▓▓▓▓▓▓▓▓▓▓▓▓▓▓▓▓▓▓▓


You could see a komodo dragon (petrifying), a yak, a cane toad, a wolf, a
bullfrog and a hell rat.

Vanquished Creatures
  A cyclops (D)
  A tengu conjurer (D)
  5 trolls (D)
  A slime creature (D)
  2 yaks (D)
  A steam dragon (D)
  A black bear (D)
  A necrophage (D)
  A scorpion (D)
  A howler monkey (D)
  A jelly (D)
  An orc (D)
  2 endoplasms (D)
  A ball python (D)
  2 rats (D)
22 creatures vanquished.

Notes
Turn   | Place    | Note
-------+----------+-------------------------------------------
     0 | D        | mhtbhm the Gargoyle Earth Elementalist began the quest for
                  | the Orb.
     0 | D        | Reached XP level 1. HP: 10/10 MP: 3/3
     5 | D        | Reached skill level 4 in Earth Magic
   181 | D        | Noticed a necrophage
   181 | D        | Noticed a scorpion
   181 | D        | Noticed a black bear
   181 | D        | Noticed a jelly
   188 | D        | Killed a necrophage
   189 | D        | Reached skill level 1 in Fighting
   189 | D        | Reached skill level 7 in Earth Magic
   189 | D        | Reached XP level 2. HP: 11/17 MP: 0/6
   189 | D        | Reached XP level 3. HP: 14/21 MP: 0/8
   189 | D        | Reached XP level 4. HP: 18/26 MP: 0/9
   268 | D        | Learned a level 2 spell: Passwall
   272 | D        | Learned a level 3 spell: Stone Arrow
   277 | D        | Learned a level 4 spell: Petrify
   285 | D        | Killed a scorpion
   286 | D        | Reached skill level 5 in Spellcasting
   286 | D        | Reached skill level 9 in Earth Magic
   286 | D        | Reached XP level 5. HP: 22/30 MP: 2/12
   291 | D        | Killed a black bear
   292 | D        | Reached skill level 1 in Conjurations
   292 | D        | Reached skill level 10 in Earth Magic
   293 | D        | Reached skill level 11 in Earth Magic
   293 | D        | Reached XP level 6. HP: 35/35 MP: 10/15
   303 | D        | Found a snail-covered altar of Cheibriados.
   303 | D        | Found a shadowy altar of Dithmenos.
   303 | D        | Found a white marble altar of Elyvilon.
   303 | D        | Found a blossoming altar of Fedhas.
   303 | D        | Found an opulent altar of Gozag.
   304 | D        | Found a hazy altar of Hepliaklqana.
   305 | D        | Found a viscous altar of Jiyva.
   306 | D        | Found an ancient bone altar of Kikubaaqudgha.
   307 | D        | Found a corrupted altar of Lugonu.
   308 | D        | Found a burning altar of Makhleb.
   309 | D        | Found a sparkling altar of Nemelex Xobeh.
   310 | D        | Found an iron altar of Okawaru.
   311 | D        | Found a stormy altar of Qazlal.
   312 | D        | Found a sacrificial altar of Ru.
   313 | D        | Found a shimmering blue altar of Sif Muna.
   314 | D        | Found a bloodstained altar of Trog.
   315 | D        | Found a hide-covered altar of Uskayaw.
   316 | D        | Found a radiant altar of Vehumet.
   317 | D        | Found an ornate altar of the Wu Jian Council.
   318 | D        | Found a shimmering altar of Xom.
   319 | D        | Found a basalt altar of Yredelemnul.
   320 | D        | Found a glowing silver altar of Zin.
   321 | D        | Found a glowing golden altar of the Shining One.
   324 | D        | Became a worshipper of Vehumet
   358 | D        | Noticed a troll
   358 | D        | Noticed a steam dragon
   358 | D        | Noticed a troll
   358 | D        | Noticed a yak
   358 | D        | Noticed a yak
   358 | D        | Noticed a troll
   369 | D        | Killed a troll
   370 | D        | Reached skill level 12 in Earth Magic
   370 | D        | Reached XP level 7. HP: 17/39 MP: 6/18
   477 | D        | Killed a steam dragon
   478 | D        | Reached skill level 13 in Earth Magic
   480 | D        | Killed a troll
   480 | D        | Reached * piety under Vehumet
   480 | D        | Offered knowledge of Kiss of Death by Vehumet.
   481 | D        | Reached skill level 14 in Earth Magic
   631 | D        | Killed a yak
   632 | D        | Reached XP level 8. HP: 44/44 MP: 14/21
   634 | D        | Killed a yak
   638 | D        | Killed a troll
   638 | D        | Reached ** piety under Vehumet
   639 | D        | Reached skill level 5 in Dodging
   639 | D        | Reached skill level 10 in Spellcasting
   639 | D        | Reached skill level 15 in Earth Magic
   769 | D        | Noticed a troll
   769 | D        | Noticed a cyclops
   769 | D        | Noticed a tengu conjurer
   769 | D        | Noticed a slime creature
   769 | D        | Noticed a troll
   772 | D        | Killed a troll
   772 | D        | Offered knowledge of Magic Dart by Vehumet.
   848 | D        | Killed a cyclops
   849 | D        | Reached skill level 5 in Conjurations
   849 | D        | Reached skill level 16 in Earth Magic
   849 | D        | Reached XP level 9. HP: 50/50 MP: 17/24
   921 | D        | Killed a tengu conjurer
   921 | D        | Offered knowledge of Inner Flame by Vehumet.
   921 | D        | Reached *** piety under Vehumet
   931 | D        | Learned a level 3 spell: Inner Flame
  1010 | D        | Killed a troll
  1010 | D        | Offered knowledge of Hailstorm by Vehumet.
  1148 | D        | Noticed a komodo dragon
  1148 | D        | Noticed a cane toad
  1150 | D        | Slain by a komodo dragon

Illustrated notes

Levels and vault maps discovered:
D:        linesprint [early_d, line_temple, items_1, d_10, items_2, lair_1,
          lair_end, items_3, orc_1, orc_end, items_4, d_15, swamp_1, shoals_1,
          snake_1, spider_1, d_20, vaults_1, items_5, swamp_end, shoals_end,
          snake_end, spider_end, vaults_end, d_27, items_6, zot_1, zot_end,
          crypt_end, forest_end, elf_end, slime_end, tomb_end, abyss_end,
          pan_hell_end]

Skill      XL: |  1  2  3  4  5  6  7  8  9 |
---------------+----------------------------+-----
Earth Magic    | 7 9 11 12 14 16 | 16.8
Dodging        | 2 3 4 5 |  5.5
Fighting       | 1 2 3 |  3.4
Spellcasting   | 3 5 6 8 9 11 12 | 12.1
Stealth        | 3 4 |  4.4
Conjurations   | 1 2 3 5 6 |  6.1
Transmutations | |  0.7
Evocations     | |  0.5

Action                   |  1- 3 |  4- 6 |  7- 9 || total
-------------------------+-------+-------+-------++-------
 Cast: Sandblast         |    12 |    10 |     8 ||    30
       Stone Arrow       |       |     4 |    23 ||    27
       Petrify           |       |       |     2 ||     2
Evoke: Wand              |       |       |     1 ||     1
  Use: Potion            |     1 |     3 |     1 ||     5
       Scroll            |       |     1 |       ||     1
Armor: Robe              |       |     5 |     8 ||    13
Dodge: Dodged            |     5 |     8 |    10 ||    23

Table legend: (Time is in decaauts)
 A = Elapsed time spent in this place.
 B = Non-inter-level travel time spent in this place.
 C = Inter-level travel time spent in this place.
 D = Time resting spent in this place.
 E = Time spent auto-exploring this place.
 F = Levels seen in this place.
 G = Mean time per level.
                   A        B        C        D        E       F      G
               +--------+--------+--------+--------+--------+-----+--------+
         Total |   1144 |   1144 |      0 |    646 |    153 |   1 | 1144.0 |
       Dungeon |   1144 |   1144 |      0 |    646 |    153 |   1 | 1144.0 |
               +--------+--------+--------+--------+--------+-----+--------+

Top non-repeatable levels by time:
       D: 1144 daAuts
